 Dungeon Crawl Stone Soup version 0.19-a0-599-g723c685 (webtiles) character file.

945 namelastname112 the Insei (level 8, -1/51 HPs)
             Began as a Kobold Monk on June 11, 2016.
             Slain by Prince Ribbit (14 damage)
             ... on level 5 of the Dungeon.
             The game lasted 00:08:43 (4743 turns).

namelastname112 the Insei (Kobold Monk)             Turns: 4743, Time: 00:08:44

Health: -1/51      AC:  5    Str: 11    XL:     8   Next: 35%
Magic:  8/8        EV: 21    Int:  8    God:
Gold:   114        SH:  0    Dex: 19    Spells: 0 memorised, 7 levels left

rFire  . . .     SeeInvis .       - Unarmed
rCold  . . .     Gourm    .     k - +0 leather armour
rNeg   . . .     Faith    .     (shield restricted)
rPois  .         Spirit   .     B - +0 helmet
rElec  .         Dismiss  .     g - +0 cloak
rCorr  .         Reflect  .     (no gloves)
SustAt .         Harm     .     (no boots)
MR     .....                    (no amulet)
Stlth  ++........               v - +2 ring of evasion
                                h - +3 ring of slaying

@: not resistant to hostile enchantments, unstealthy
A: carnivore 3
a: no special abilities


You were on level 5 of the Dungeon.
You were very full.

You visited 1 branch of the dungeon, and saw 5 of its levels.
You also visited: Sewer.

You collected 114 gold pieces.

Inventory:

Armour
 g - a +0 cloak (worn)
 k - a +0 leather armour (worn)
 B - a +0 helmet (worn)
Jewellery
 h - a +3 ring of slaying (left hand)
 v - a +2 ring of evasion (right hand)
 A - an uncursed ring of fire {unknown}
Wands
 w - a wand of polymorph (4/24)
Scrolls
 d - 2 scrolls of fog {unknown}
 e - 2 scrolls of immolation {unknown}
 f - 4 scrolls of identify {unknown}
 o - 2 scrolls of magic mapping {unknown}
 q - a scroll of random uselessness {unknown}
 s - a scroll of teleportation {unknown}
 u - a scroll of fear {unknown}
 x - a scroll of remove curse {unknown}
 y - a scroll of noise {unknown}
Potions
 c - 2 potions of might {unknown}
 i - 2 potions of lignification {unknown}
 j - 4 potions of flight {unknown}
 n - a potion of brilliance {unknown}
 p - a potion of degeneration {unknown}
 r - 3 potions of magic {unknown}
 t - a potion of heal wounds {unknown}
 z - 2 potions of cure mutation {unknown}
Comestibles
 a - 3 royal jellies
 b - 2 meat rations
 l - a beef jerky
 m - 3 slices of pizza


   Skills:
 + Level 6.1 Fighting
 + Level 6.3 Dodging
 - Level 2.6 Stealth
 * Level 7.5 Unarmed Combat


You had 7 spell levels left.
You didn't know any spells.

Dungeon Overview and Level Annotations

Branches:
Dungeon (5/15)
 Temple: D:4-7

Altars:
Cheibriados
Dithmenos
Fedhas
Gozag
Nemelex Xobeh
Qazlal
Uskayaw

Shops:
D:5 }

Annotations:
D:4 exclusion: 2 doors
D:5 Prince Ribbit


Innate Abilities, Weirdness & Mutations

You are small and have problems with some larger weapons.
You are carnivorous and can eat meat at any time.


Message History

Blork the orc is moderately wounded.
Blork the orc misses you.
You punch Blork the orc!
Blork the orc is severely wounded.
Blork the orc completely misses you.
You hit Blork the orc.
Blork the orc is severely wounded.
Blork the orc gestures at you while chanting.
The puff of frost hits you! Blork the orc hits you with a halberd!
* * * LOW HITPOINT WARNING * * *
You take 14 damage, and have 13/51 hp.
MASSIVE DAMAGE!!
You are too injured to fight recklessly!
You hit Blork the orc.
Blork the orc is almost dead.
Blork the orc barely misses you.
You punch Blork the orc!
You kill Blork the orc!
Prince Ribbit barely misses you. Prince Ribbit hits you!
You die...

.......$................## #.
.........................##
......................##..###
.................###.<..§....
........%.......## #.#......[
............∩.## #.........
.....[. ##........
.......#####........
.......@F)).........
.......######....... .......
....... ....... .......
####### #####.. ..


You could see Prince Ribbit.

Vanquished Creatures
  Edmund (D:5)
  2 ogres
  3 big kobolds (Sewer)
  Blork the orc (D:5)
  A giant frog skeleton (D:4)
  A hound (D:5)
  An iguana (D:5)
  2 orc wizards (D:3)
  A mummy (D:5)
  12 adders
  A river rat (Sewer)
  2 oozes
  5 worms
  4 dart slugs
  4 giant geckos (D:1)
  10 orcs (D:3)
  3 giant cockroaches
  5 goblins
  7 hobgoblins
  6 jackals
  8 kobolds
  2 quokkas
  6 ball pythons
  4 bats
  4 giant newts
  9 rats
105 creatures vanquished.

Notes
Turn   | Place    | Note
--------------------------------------------------------------
     0 | D:1      | namelastname112 the Kobold Monk began the quest for the Orb.
     0 | D:1      | Reached XP level 1. HP: 14/14 MP: 1/1
     0 | D:1      | jacquesderrida: Не
     0 | D:1      | jacquesderrida: ГЛАДИАТЕР
     0 | D:1      | jacquesderrida: ;^(
     0 | D:1      | jacquesderrida: NU LAN
     0 | D:1      | namelastname112: ну помру ща
    12 | D:1      | jacquesderrida: А воен с кулаками бывает?
    73 | D:1      | jacquesderrida: 16 ивейжан
    82 | D:1      | jacquesderrida: Не помрешь...
   135 | D:1      | Reached XP level 2. HP: 8/19 MP: 2/2
   324 | D:1      | jacquesderrida: 17........
   334 | D:1      | jacquesderrida: :D :D :D
   341 | D:1      | jacquesderrida: D: D: D:
   680 | D:1      | Reached XP level 3. HP: 23/23 MP: 3/3
   871 | D:1      | jacquesderrida: мосч
  1174 | D:2      | jacquesderrida: oche malenky kebald
  1218 | D:2      | jacquesderrida: ebat
  1233 | D:2      | jacquesderrida: sleer +3
  1280 | D:2      | Reached XP level 4. HP: 22/29 MP: 4/4
  1321 | D:2      | Found a stormy altar of Qazlal.
  1936 | D:3      | Reached skill level 5 in Unarmed Combat
  1974 | D:3      | Found a glowing drain.
  2039 | Sewer    | Entered a sewer
  2055 | Sewer    | jacquesderrida: BLYA
  2061 | Sewer    | jacquesderrida: PZC
  2061 | Sewer    | jacquesderrida: SLEER
  2061 | Sewer    | jacquesderrida: PLS
  2065 | Sewer    | Reached XP level 5. HP: 14/33 MP: 5/5
  2066 | Sewer    | jacquesderrida: PEI PLS
  2072 | Sewer    | jacquesderrida: D: D: D:
  2306 | Sewer    | namelastname112: чет лагает
  2309 | Sewer    | jacquesderrida: ZMEYA
  2453 | Sewer    | jacquesderrida: zeleny krysa
  2516 | Sewer    | epen: НАМИР
  2544 | Sewer    | jacquesderrida: pezdos kobeln slaby
  2586 | Sewer    | jacquesderrida: dazhe sa sleirom
  2712 | Sewer    | epen: жак
  2742 | Sewer    | Noticed a big kobold
  2743 | Sewer    | Noticed a big kobold
  2751 | Sewer    | jacquesderrida: MDA PZC MDA
  2762 | Sewer    | Killed a big kobold
  2762 | Sewer    | Reached XP level 6. HP: 32/39 MP: 6/6
  2765 | Sewer    | Reached skill level 5 in Dodging
  2866 | Sewer    | jacquesderrida: SPS
  2867 | Sewer    | epen: !lg epen
  2887 | Sewer    | beem: 740. epen the Bewitcher (L16 SpEn of Gozag), hit from afar by a thorn hunter (volley of thorns) (kmap: cheibrodos_swamp_tower_of_moss) on Swamp:3 on 2016-06-11 08:06:30, with 134709 points after 33196 turns and 1:24:19.
  2910 | Sewer    | epen: (((((
  2912 | Sewer    | Reached skill level 5 in Fighting
  2912 | Sewer    | Reached skill level 6 in Unarmed Combat
  2912 | Sewer    | Reached XP level 7. HP: 39/44 MP: 7/7
  2914 | Sewer    | jacquesderrida: !lg jacquesderrida
  2917 | Sewer    | beem: 2619. jacquesderrida the Imperceptible (L27 DsSk of Ashenzari), escaped with the Orb and 15 runes on 2016-06-03 14:03:12, with 34582135 points after 42492 turns and 5:52:48.
  2917 | Sewer    | jacquesderrida: ejjjjjjjjjjj
  3173 | D:3      | epen: ненавижу торн хантеров
  3191 | D:3      | epen: 20% конфуз
  3220 | D:3      | epen: 20%!!!!
  3236 | D:3      | jacquesderrida: vo daesh
  3239 | D:3      | epen: как мне их пиздить?
  3266 | D:3      | epen: allo
  3280 | D:3      | jacquesderrida: helo
  3565 | D:3      | epen: кстати
  3583 | D:3      | epen: Сегодня в новом улье был
  3596 | D:3      | jacquesderrida: Da
  3658 | D:3      | jacquesderrida: Ya soglasin
  3658 | D:3      | epen: там была королева пчёл
  3713 | D:3      | epen: и куча пчёл со смайтом
  3798 | D:3      | epen: я такой убежать хотел
  3798 | D:3      | jacquesderrida: pachemu
  3882 | D:4      | epen: а они начали меня смайтить
  3891 | D:4      | Found a hide-covered altar of Uskayaw.
  3961 | D:4      | Found an opulent altar of Gozag.
  3962 | D:4      | Found a sparkling altar of Nemelex Xobeh.
  4102 | D:4      | jacquesderrida: vo dayut
  4103 | D:4      | epen: пиздец, короче, а не пчёлы
  4493 | D:5      | Entered Level 5 of the Dungeon
  4493 | D:5      | Noticed Edmund
  4496 | D:4      | jacquesderrida: BLYAT
  4575 | D:5      | jacquesderrida: HOTEL SKAZAT NAMIR BERI NEMELEX
  4593 | D:5      | Killed Edmund
  4593 | D:5      | Reached skill level 7 in Unarmed Combat
  4593 | D:5      | Reached XP level 8. HP: 51/51 MP: 8/8
  4612 | D:5      | Found a blossoming altar of Fedhas.
  4629 | D:5      | jacquesderrida: A ON TEPER INVOCATER
  4640 | D:5      | Found a snail-covered altar of Cheibriados.
  4641 | D:5      | jacquesderrida: PZC
  4651 | D:5      | Found a shadowy altar of Dithmenos.
  4663 | D:5      | epen: да?
  4675 | D:5      | Found Lawogh's Gadget Shoppe.
  4680 | D:5      | jacquesderrida: DA
  4710 | D:5      | Noticed Blork the orc
  4710 | D:5      | epen: D: D: D:
  4710 | D:5      | jacquesderrida: Gamno
  4721 | D:5      | Noticed Prince Ribbit
  4730 | D:5      | jacquesderrida: ebat
  4739 | D:5      | jacquesderrida: PEI
  4741 | D:5      | Killed Blork the orc
  4743 | D:5      | Slain by Prince Ribbit

Vault maps used:
D:1:      dpeg_arrival_chambers_temple_mockup
D:2:      marbit_many_paths
D:3:      portal_sewer_entry_e
D:4:      minmay_goblin_kobold_castle, grunt_temple_overflow_opulence,
          eat_drink_and_be_merry_uskayaw
D:5:      fedhas_altar_1, slow_altar_1, nicolae_overflow_hidden_temple,
          lemuel_round_altar, minmay_temple_entry_poolview, first_bread,
          serial_shops, shop, uniq_sigmund, uniq_blork_the_orc,
          uniq_prince_ribbit1, uniq_edmund
Sewer:    sewer_co_15_rooms

Skill      XL: |  1  2  3  4  5  6  7  8 |
---------------+-------------------------+-----
Dodging        | 4 5 6 |  6.3
Fighting       | 4 5 6 |  6.1
Unarmed Combat | 5 6 7 |  7.5
Stealth        | |  2.6

Action                   |  1- 3 |  4- 6 |  7- 9 || total
-------------------------+-------+-------+-------++-------
Melee: Unarmed           |    65 |   157 |   132 ||   354
       Punch             |       |     4 |     4 ||     8
  Use: Potion            |       |     2 |       ||     2
 Stab: Distracted        |     2 |       |       ||     2
       Sleeping          |     6 |     4 |     5 ||    15
  Eat: Chunk             |     7 |     8 |     4 ||    19
Armor: Robe              |     1 |       |       ||     1
       Leather armour    |     2 |    22 |     7 ||    31
Dodge: Dodged            |    48 |   131 |    87 ||   266
